 Dungeon Crawl Stone Soup version 0.31-a0-233-g139696dc86 (webtiles) character file.

Game seed: 15264706021459498864

1658 Shard1697 the Twirler (level 9, -8/64 HPs)
             Began as a Djinni Reaver on July 8, 2023.
             Killed from afar by a kobold (17 damage)
             ... with an iceblast
             ... on level 9 of the Dungeon.
             The game lasted 00:10:17 (6143 turns).

Shard1697 the Twirler (Djinni Reaver)               Turns: 6143, Time: 00:10:17

Health: -8/64      AC:  9    Str: 11    XL:     9   Next: 20%
Gold:   841        EV: 10    Int: 20    God:
                   SH:  0    Dex: 11

rFire   + + .        a - +1 quarterstaff
rCold   x . .        (shield currently unavailable)
rNeg    . . .        o - +3 ring mail
rPois   ∞            (no helmet)
rElec   .            (no cloak)
rCorr   .            l - +0 pair of gloves
SInv    .            (boots unavailable)
Will    .....        (no amulet)
Stlth   +            (no ring)
HPRegen 0.30/turn    (no ring)
MPRegen 0.00/turn

%: infuse magic (-9 HP)
@: mighty, flying
A: sickness immunity, fire resistance 2, cold vulnerability 1, float, innate
caster, HP casting, extra vitality 1
a: no special abilities


You were on level 9 of the Dungeon.
You visited 1 branch of the dungeon, and saw 7 of its levels.
You also visited: Sewer and Bailey.

You collected 841 gold pieces.

Inventory:

Hand Weapons
 a - a +1 quarterstaff (weapon)
 k - a +0 falchion
 y - a +2 dagger of venom
Missiles
 h - a throwing net
Armour
 g - an orb of guile
 l - a +0 pair of gloves (worn)
 o - a +3 ring mail (worn)
 w - a +0 leather armour
Magical Staves
 b - a staff of air
Jewellery
 n - the ring of Nozupula {rPois rF- rC+++ Will+ Str+2 Slay-4}
   (You found it on level 2 of the Dungeon)

   [ring of willpower]

   Str:       It affects your strength (+2).
   Slay:      It affects your accuracy & damage with ranged weapons and melee
   (-4).
   rF:        It makes you vulnerable to fire.
   rC:        It renders you almost immune to cold.
   rPois:     It protects you from poison.
   Will:      It increases your willpower.
Wands
 p - a wand of digging (2)
 x - a wand of iceblast (4)
Scrolls
 c - 2 scrolls of enchant weapon
 d - 3 scrolls of teleportation
 v - a scroll of fear
 z - a scroll of enchant armour {unknown}
Potions
 e - 3 potions of curing
 f - a potion of cancellation
 i - 2 potions of might
 j - a potion of heal wounds {unknown}
 m - a potion of enlightenment {unknown}
 q - a potion of berserk rage {unknown}
 s - 2 potions of magic {unknown}
 u - a potion of degeneration {unknown}
 A - a potion of brilliance {unknown}
 B - a potion of mutation {unknown}
 C - a potion of experience {unknown}


   Skills:
 - Level 4.9 Fighting
 - Level 2.6 Long Blades
 * Level 7.5 Staves
 - Level 2.1 Dodging
 + Level 5.1 Spellcasting
 + Level 5.1 Conjurations
 + Level 5.1 Hexes
   Level 0.0 Charms
 + Level 5.1 Summonings
 + Level 5.1 Necromancy
 + Level 5.1 Translocations
 + Level 5.1 Transmutations
 + Level 5.1 Fire Magic
 + Level 5.1 Ice Magic
 + Level 5.1 Air Magic
 + Level 5.1 Earth Magic
 + Level 5.1 Poison Magic


You knew the following spells:

 Your Spells              Type           Power      Damage    Failure   Level
a - Kiss of Death         Conj/Necr      100%       2d13      3%          1
b - Momentum Strike       Conj/Tloc      50%        3d9       5%          2
c - Hailstorm             Conj/Ice       25%        3d7       11%         3
d - Sting                 Tmut/Pois      100%       1d8       3%          1
e - Passwall              Tmut/Erth      20%        N/A       5%          2
f - Static Discharge      Conj/Air       50%        2-5/arc   5%          2
g - Ozocubu's Armour      Ice            25%        N/A       11%         3
Your spell library was empty.

Dungeon Overview and Level Annotations

Branches:
Dungeon (9/15)              Sewer (visited)          Bailey (visited)
 Temple: D:4-7         Lair: D:8-11         Orc: D:9-12

Altars:
Hepliaklqana
Xom
Yredelemnul


Innate Abilities, Weirdness & Mutations

You are immune to sickness and miasma.
You are immune to poison.
Your flesh is very heat resistant. (rF++)
You are vulnerable to cold. (rC-)
You float through the air rather than walking.
You learn spells naturally, not from books.
Your magical power is your life essence.
You have superior vitality. (+4 MHP)


Message History

Okay, then.
Casting: Static Discharge (safe; 5% risk of failure)
Confirm with . or Enter, or press ? or * to list all spells.
A film of ice covers your body!
The human hits you with a +2 heavy hand axe.
Casting: Ozocubu's Armour (dangerous; 11% risk of failure)
Confirm with . or Enter, or press ? or * to list all spells.
You feel a surge of power!
The human is struck by an arc of lightning.
The human is lightly wounded.
The human is struck by an arc of lightning.
The human is lightly wounded.
The lightning grounds out.
It was a potion of might.
You feel very mighty all of a sudden. The human closely misses you.
The human hits you but does no damage.
a - a +1 quarterstaff (weapon)
You sock the human!
The human is moderately wounded.
The human hits you with a +2 heavy hand axe! x2
You closely miss the human.
The human is moderately wounded.
The human hits you with a +2 heavy hand axe.
A human comes into view. It is wielding a +0 war axe.
The human completely misses you.
Your icy armour will break if you move.
Continue?
Your icy armour cracks and falls away as you move.
There is a gate leading back out of this place here.
Welcome back to the Dungeon!
There is an empty arch of ancient stone here.
You start resting.
A kobold comes into view.
It is wielding a +0 club and carrying a wand of iceblast (4).
Found 4 boomerangs.
The kobold zaps a wand.
The mass of ice explodes!
The iceblast engulfs you!!
You feel a painful chill!
* * * LOW HITPOINT WARNING * * *
You hear a shout! x2
The kobold zaps a wand.
The mass of ice explodes!
The iceblast engulfs you!
You feel a painful chill!
You die...

#.#.#...#.#.......#.....******,*
#.......#...≈≈~≈≈.......+,,,,,,*
###.##..#...≈...≈.......*****,,**
#...>...#.#.~>∩.~......*,,,,,,,,,
....##......≈...≈..#..,,,,,,,,,,,
..>.####.##K≈≈~≈≈..#,*,,,,,,,,,,,
....####...........#,***,,,,,,,,,
.................#.#,,,,,,,,,,,,,
..#K############@#.#*,,,,,,,,,,,,
.........).(().(.#,#*,,,,,,,,,,**
.##.##############,**,,,,,,,,,,*
..#.#####,*,,,,,,,,**,,,,,,,,,,*
###.#####,*,*********,,,,,,,,,,**
,,#..,,,,,*,* *,,,,,,,,,,,,
*,###****,*,* *,,,,,,,,,,**
*,*,,,,,,,*,* *,,,,,,,,,,*
*,**,****,*,* ************


You could see a kobold.

Vanquished Creatures
  Sigmund (D:2)
  2 humans (Bailey)
  An orc warrior (D:6)
  A phantom (D:5)
  A kobold brigand (D:9)
  2 bullfrogs (Bailey)
  4 killer bees (D:9)
  2 orc priests (D:5)
  4 hounds
  3 jellies (D:6)
  2 iguanas
  Natasha (thrice) (D:2)
  A hell rat (Sewer)
  6 adders
  3 gnolls
  3 river rats (Sewer)
  A shadow imp (D:6)
  A white imp (D:5)
  2 ufetubi (D:5)
  A worm (D:5)
  A dart slug (D:1)
  18 orcs
  6 endoplasms
  2 giant cockroaches (D:4)
  8 goblins
  4 hobgoblins
  6 jackals
  2 quokkas (D:4)
  5 ball pythons
  4 bats
  5 frilled lizards (D:1)
  12 kobolds
  9 rats
126 creatures vanquished.

Notes
Turn   | Place    | Note
-------+----------+-------------------------------------------
     0 | D:1      | Shard1697 the Djinni Reaver began the quest for the Orb.
     0 | D:1      | Shard1697 set off with the following spells memorised: Kiss
                  | of Death, Momentum Strike, Hailstorm.
     0 | D:1      | Reached XP level 1. HP: 18/18 MP: 0/0
   201 | D:1      | Reached XP level 2. HP: 16/24 MP: 0/0
   688 | D:1      | Found a faded altar of an unknown god.
  1072 | D:2      | Found a shimmering altar of Xom.
  1092 | D:2      | Identified the ring of Nozupula {rPois rF- rC+++ Will+
                  | Str+2 Slay-4}
  1279 | D:2      | Noticed Sigmund
  1293 | D:2      | Killed Sigmund
  1294 | D:2      | Reached XP level 3. HP: 11/32 MP: 0/0
  1294 | D:2      | Learned a level 1 spell: Sting
  1294 | D:2      | Reached XP level 4. HP: 13/38 MP: 0/0
  1294 | D:2      | Reached XP level 5. HP: 14/42 MP: 0/0
  1294 | D:2      | Learned a level 2 spell: Passwall
  1294 | D:2      | Reached XP level 6. HP: 17/49 MP: 0/0
  1451 | D:2      | Noticed Natasha
  1458 | D:2      | Killed Natasha
  1459 | D:2      | Reached skill level 1 in Staves
  1840 | D:2      | Noticed Natasha
  1848 | D:2      | Killed Natasha
  1857 | D:2      | Noticed Natasha
  1971 | D:2      | Killed Natasha
  1972 | D:2      | Reached skill level 2 in Staves
  2738 | D:3      | Found a hazy altar of Hepliaklqana.
  3300 | D:4      | Reached XP level 7. HP: 28/39 MP: 0/0
  3300 | D:4      | Learned a level 2 spell: Static Discharge
  3446 | D:4      | Reached skill level 3 in Staves
  3756 | D:5      | Entered Level 5 of the Dungeon
  4067 | D:5      | Found a glowing drain.
  4076 | Sewer    | Entered a sewer
  4268 | Sewer    | Reached skill level 4 in Staves
  4294 | Sewer    | Identified a scroll of acquirement
  4294 | Sewer    | Acquired 580 gold pieces
  4668 | D:5      | Found a basalt altar of Yredelemnul.
  4877 | D:5      | Reached XP level 8. HP: 58/58 MP: 0/0
  5138 | D:6      | Reached skill level 5 in Staves
  5749 | D:6      | You are sucked into a shaft and drop 3 floors!
  5782 | D:9      | Found a flagged portal.
  5811 | D:9      | Reached skill level 6 in Staves
  5904 | Bailey   | Entered a bailey
  5914 | Bailey   | Reached XP level 9. HP: 43/64 MP: 0/0
  5914 | Bailey   | Learned a level 3 spell: Ozocubu's Armour
  5992 | Bailey   | Reached skill level 7 in Staves
  5992 | Bailey   | Reached skill level 5 in Spellcasting
  5992 | Bailey   | Reached skill level 5 in Conjurations
  5992 | Bailey   | Reached skill level 5 in Hexes
  5992 | Bailey   | Reached skill level 5 in Summonings
  5992 | Bailey   | Reached skill level 5 in Necromancy
  5992 | Bailey   | Reached skill level 5 in Translocations
  5992 | Bailey   | Reached skill level 5 in Transmutations
  5992 | Bailey   | Reached skill level 5 in Fire Magic
  5992 | Bailey   | Reached skill level 5 in Ice Magic
  5992 | Bailey   | Reached skill level 5 in Air Magic
  5992 | Bailey   | Reached skill level 5 in Earth Magic
  5992 | Bailey   | Reached skill level 5 in Poison Magic
  6143 | D:9      | Killed from afar by a kobold

Illustrated notes

Levels and vault maps discovered:
D:1:      dpeg_arrival_signposts, layout_basic,
          shapermc_ecumenical_altar_mp_vishouse, dk_noncrumbling_2
D:2:      layout_basic, basic_altar, uniq_natasha, uniq_sigmund
D:3:      layout_basic, nzn_hepliaklqana_mist_gate, nrook_mini_vaults
D:4:      layout_basic, mainiacjoe_overflow_alcove_2
D:5:      layout_gridville, nicolae_overflow_crystal_walls,
          nicolae_sif_muna_little_library, portal_sewer_entry_b
D:6:      layout_loops_corners, gammafunk_ghost_abyssal_escape
D:9:      layout_basic, enter_bailey_5

Skill      XL: |  1  2  3  4  5  6  7  8  9 |
---------------+----------------------------+-----
Spellcasting   | 3 4 5 |  5.1
Conjurations   | 3 4 5 |  5.1
Hexes          | 3 4 5 |  5.1
Summonings     | 3 4 5 |  5.1
Necromancy     | 3 4 5 |  5.1
Translocations | 3 4 5 |  5.1
Transmutations | 3 4 5 |  5.1
Fire Magic     | 3 4 5 |  5.1
Ice Magic      | 3 4 5 |  5.1
Air Magic      | 3 4 5 |  5.1
Earth Magic    | 3 4 5 |  5.1
Poison Magic   | 3 4 5 |  5.1
Fighting       | 4 |  4.9
Staves         | 2 4 6 7 |  7.5
Long Blades    | |  2.6
Dodging        | |  2.1

Action                     |  1- 3 |  4- 6 |  7- 9 || total
---------------------------+-------+-------+-------++-------
  Melee: Falchion          |    20 |       |       ||    20
         Quarterstaff      |    37 |   123 |   135 ||   295
         Staff             |       |       |     6 ||     6
         Punch             |       |       |     1 ||     1
   Cast: Kiss of Death     |     4 |     3 |       ||     7
         Sting             |       |     3 |     2 ||     5
         Static Discharge  |       |       |    58 ||    58
         Hailstorm         |       |       |     1 ||     1
         Ozocubu's Armour  |       |       |     1 ||     1
    Use: Scroll            |       |       |    14 ||    14
         Potion            |       |       |     6 ||     6
   Stab: Sleeping          |       |     1 |       ||     1
 Armour: Leather armour    |    24 |    28 |    13 ||    65
         Ring mail         |       |       |    57 ||    57
         Skin              |       |       |     3 ||     3
  Dodge: Dodged            |    38 |    71 |   117 ||   226

Table legend: (Time is in decaauts)
 A = Elapsed time spent in this place.
 B = Non-inter-level travel time spent in this place.
 C = Inter-level travel time spent in this place.
 D = Time resting spent in this place.
 E = Time spent auto-exploring this place.
 F = Levels seen in this place.
 G = Mean time per level.
                   A        B        C        D        E       F      G
               +--------+--------+--------+--------+--------+-----+--------+
         Total |   6176 |   5992 |    184 |   1219 |   3566 |   9 |  686.2 |
       Dungeon |   5642 |   5458 |    184 |    886 |   3497 |   7 |  806.0 |
         Sewer |    311 |    311 |      0 |    156 |     69 |   1 |  311.0 |
        Bailey |    222 |    222 |      0 |    177 |      0 |   1 |  222.0 |
               +--------+--------+--------+--------+--------+-----+--------+

Top non-repeatable levels by time:
     D:2: 1171 daAuts
     D:1: 1118 daAuts
     D:4: 947 daAuts
     D:5: 930 daAuts
     D:3: 678 daAuts
     D:6: 628 daAuts
   Sewer: 311 daAuts
  Bailey: 222 daAuts
     D:9: 168 daAuts
